 Dungeon Crawl Stone Soup version 0.31-a0-263-ge8cad7f256 (webtiles) character file.

Game seed: 13162789836891594730

518 porpoise the Skirmisher (level 7, 0/44 HPs)
             Began as a Tengu Hunter on July 14, 2023.
             Succumbed to a hornet's poison
             ... on level 4 of the Dungeon.
             The game lasted 00:09:24 (2822 turns).

porpoise the Skirmisher (Tengu Hunter)              Turns: 2822, Time: 00:09:25

Health: 0/44       AC:  3    Str:  9 (12) XL:     7   Next: 21%
Magic:  8/8        EV: 14    Int:  8 (9)  God:
Gold:   274        SH:  0    Dex: 18 (19) Spells: 6/6 levels left

rFire   . . .        a - +1 shortbow (freeze)
rCold   + . .        (shield currently unavailable)
rNeg    . . .        c - +0 leather armour
rPois   .            (helmet restricted)
rElec   .            (no cloak)
rCorr   .            (no gloves)
SInv    .            (boots unavailable)
Will    .....        q - amulet of regeneration
Stlth   ++           p - ring of protection from cold
HPRegen 1.07/turn    (no ring)
MPRegen 0.11/turn

%: no passive effects
@: lethally poisoned (0 -> -10), flying quickly and evasively, slowed, studying
Maces & Flails, very slow
A: beak, talons 3, nimble flight
a: no special abilities


You were on level 4 of the Dungeon.
You visited 1 branch of the dungeon, and saw 4 of its levels.

You collected 274 gold pieces.

Inventory:

Hand Weapons
 a - a +1 shortbow of freezing (weapon)
Missiles
 g - 7 poisoned darts
 j - 15 boomerangs
Armour
 c - a +0 leather armour (worn)
Jewellery
 d - a ring of resist corrosion
 p - a ring of protection from cold (left hand)
 q - an amulet of regeneration (around neck)
Talismans
 l - a blade talisman
 s - a serpent talisman
Scrolls
 b - a scroll of butterflies
 e - a scroll of enchant armour {unknown}
 h - a scroll of summoning {unknown}
 m - a scroll of noise {unknown}
 n - a scroll of teleportation {unknown}
 o - a scroll of immolation {unknown}
 r - a scroll of fog {unknown}
 t - a scroll of fear {unknown}
Potions
 f - 2 potions of mutation
 i - a potion of magic
 k - a potion of brilliance


   Skills:
 + Level 4.6 Fighting
 * Level 8.0 Ranged Weapons
 - Level 2.1 Dodging
 - Level 1.0 Stealth


You had 6 spell levels left.
You didn't know any spells.
Your spell library contained the following spells:

 Spells                   Type           Power      Damage    Failure   Level
 Magic Dart               Conj           0%         1d3       52%         1
 Call Imp                 Summ           0%         N/A       67%         2
 Lesser Beckoning         Tloc           0%         N/A       67%         2
 Gell's Gravitas          Tloc           0%         N/A       88%         3
 Mephitic Cloud           Conj/Pois/Air  0%         N/A       88%         3
 Summon Guardian Golem    Hex/Summ       0%         N/A       88%         3
 Teleport Other           Tloc           0%         N/A       88%         3
 Animate Armour           Summ/Erth      0%         N/A       99%         4
 Summon Lightning Spire   Summ/Air       0%         N/A       99%         4
 Lee's Rapid Deconstruct  Erth           0%         3d4*      100%        5
 Orb of Destruction       Conj           0%         9d5       100%        7
 Spellforged Servitor     Conj/Summ      0%         N/A       100%        7


Dungeon Overview and Level Annotations

Branches:
Dungeon (4/15)
 Temple: D:4-7

Altars:
Nemelex Xobeh


Innate Abilities, Weirdness & Mutations

You have a beak for a mouth.
You have claws for feet.
Your magical nature lets you fly swiftly and evasively.


Message History

You kill the ball python!
No target in view!
t - a scroll labelled KUCO WAIRAASMU You pick up a book of Dangerous Friends and begin reading...
You add the spells Summon Guardian Golem, Orb of Destruction and Spellforged Servitor to your library.
Okay, then.
A hornet comes into view.
You shoot an arrow. The arrow closely misses the hornet.
The hornet buzzes angrily.
You hear a shout!
You shoot an arrow. The arrow hits the hornet!
The arrow freezes the hornet.
The hornet is heavily wounded.
You shoot an arrow. The arrow hits the hornet.
The arrow freezes the hornet.
The hornet is heavily wounded.
The hornet stings you.
You suddenly lose the ability to move!
The hornet stings you.
You are poisoned.
You feel yourself slow down.
You can move again.
You shoot an arrow. The arrow hits the hornet.
The arrow freezes the hornet.
The hornet is heavily wounded.
You feel very sick. The hornet stings you!
You feel as though you will be slow longer.
The hornet misses you. x2
You shoot an arrow.
The arrow hits the hornet but does no damage.
The hornet is heavily wounded.
You feel sick. The hornet stings you.
You are more poisoned.
You feel as though you will be slow longer.
The hornet misses you.
You shoot an arrow. The arrow closely misses the hornet.
You feel very sick. The hornet misses you. The hornet stings you!
* * * LOW HITPOINT WARNING * * *
You are lethally poisoned!
You feel as though you will be slow longer.
You shoot an arrow. The arrow hits the hornet.
The arrow freezes the hornet.
The hornet is severely wounded.
You die...

.##.# #####.#.##....#
.##.# #..........# .##.#
#.....#....# .##.#
#.....#....# .##.#
#.....#....# .##.#
#.....###### ###.#
#.....# #.####
#.....##### #....#
#.....y@..#
######.###.<...###.######
#.......##.....# #......#
#.......####.### ##.....#
#.......# #.# #.....#
#.......####.# ##.####
#............#######.#
#....................#
#.......##############


You could see a hornet.

Vanquished Creatures
  Duvessa (D:4)
  A centaur (D:4)
  A scorpion (D:4)
  Dowan (D:4)
  2 hounds
  An iguana (D:4)
  5 adders
  2 worms
  2 orcs (D:4)
  6 endoplasms
  4 giant cockroaches
  9 goblins
  6 hobgoblins
  8 jackals
  6 quokkas
  7 ball pythons
  13 bats
  7 frilled lizards
  5 kobolds
  6 rats
93 creatures vanquished.

Notes
Turn   | Place    | Note
-------+----------+-------------------------------------------
     0 | D:1      | porpoise the Tengu Hunter began the quest for the Orb.
     0 | D:1      | Reached XP level 1. HP: 12/12 MP: 2/2
    32 | D:1      | Reached XP level 2. HP: 13/17 MP: 3/3
   239 | D:1      | Reached skill level 5 in Ranged Weapons
   254 | D:1      | Found a faded altar of an unknown god.
   299 | D:1      | Reached XP level 3. HP: 22/22 MP: 4/4
   909 | D:2      | Reached XP level 4. HP: 27/27 MP: 5/5
  1089 | D:2      | You fall into a shaft and drop 1 floor!
  1417 | D:3      | Reached skill level 6 in Ranged Weapons
  1447 | D:3      | Gained mutation: Your magical nature lets you fly swiftly
                  | and evasively. [Tengu growth]
  1447 | D:3      | Reached XP level 5. HP: 29/32 MP: 6/6
  1525 | D:3      | Found a sparkling altar of Nemelex Xobeh.
  2104 | D:4      | Noticed a yak
  2154 | D:4      | Reached XP level 6. HP: 16/38 MP: 7/7
  2283 | D:4      | Reached skill level 7 in Ranged Weapons
  2602 | D:4      | Noticed Duvessa
  2606 | D:4      | Noticed Dowan
  2629 | D:4      | Killed Duvessa
  2630 | D:4      | Reached XP level 7. HP: 27/44 MP: 8/8
  2640 | D:4      | Killed Dowan
  2641 | D:4      | Reached skill level 8 in Ranged Weapons
  2815 | D:4      | Noticed a hornet
  2818 | D:4      | Paralysed by a hornet for 1 turns
  2822 | D:4      | Succumbed to a hornet's poison

Illustrated notes

Levels and vault maps discovered:
D:1:      minmay_arrival_checkered_box, layout_rooms,
          hellmonk_ecumenical_altar_slurped_away, roderic_lattice_a
D:2:      layout_rooms, kennysheep_flooded_box
D:3:      layout_rooms, nemelex_diamond_rough_becter,
          chequers_serial_rivers_micro_d
D:4:      layout_basic, nicolae_elyvilon_temple_path, minmay_manual_mess,
          uniq_duvessa

Skill      XL: |  1  2  3  4  5  6  7 |
---------------+----------------------+-----
Ranged Weapons | 5 6 7 8 |  8.0
Fighting       | 3 4 |  4.6
Dodging        | |  2.1
Stealth        | |  1.0

Action                     |  1- 3 |  4- 6 |  7- 9 || total
---------------------------+-------+-------+-------++-------
   Fire: Shortbow          |   118 |   196 |    21 ||   335
    Use: Scroll            |       |     5 |       ||     5
         Potion            |       |     3 |       ||     3
 Armour: Leather armour    |    21 |    26 |     1 ||    48
         Skin              |       |    12 |       ||    12
  Dodge: Dodged            |    34 |   110 |    11 ||   155

Table legend: (Time is in decaauts)
 A = Elapsed time spent in this place.
 B = Non-inter-level travel time spent in this place.
 C = Inter-level travel time spent in this place.
 D = Time resting spent in this place.
 E = Time spent auto-exploring this place.
 F = Levels seen in this place.
 G = Mean time per level.
                   A        B        C        D        E       F      G
               +--------+--------+--------+--------+--------+-----+--------+
         Total |   2785 |   2741 |     44 |    568 |   1518 |   4 |  696.2 |
       Dungeon |   2785 |   2741 |     44 |    568 |   1518 |   4 |  696.2 |
               +--------+--------+--------+--------+--------+-----+--------+

Top non-repeatable levels by time:
     D:4: 868 daAuts
     D:1: 843 daAuts
     D:3: 539 daAuts
     D:2: 534 daAuts
